 Dungeon Crawl Stone Soup version 0.29.1-2-gbd0b4ee654 (webtiles) character file.

Game seed: 1552295144440319433

562 GorkyZ the Trooper (level 7, 0/54 HPs)
             Began as a Demonspawn Fighter on Nov 19, 2022.
             Slain by a gnoll
             ... wielding a +0 spear
              (6 damage)
             ... on level 5 of the Dungeon.
             The game lasted 00:11:11 (4405 turns).

GorkyZ the Trooper (Demonspawn Fighter)             Turns: 4405, Time: 00:11:12

Health: 0/54       AC: 14    Str: 18    XL:     7   Next: 10%
Magic:  7/7        EV:  9    Int: 11    God:
Gold:   248        SH:  5    Dex: 13    Spells: 6/6 levels left

rFire   . . .      SeeInvis .   a - +0 flail
rCold   . . .      Faith    .   c - +0 buckler
rNeg    . . .      Spirit   .   j - +0 plate armour
rPois   .          Reflect  .   y - +0 helmet
rElec   .          Harm     .   (no cloak)
rCorr   .          Rampage  .   f - +0 pair of gloves
Will    .....                   (no boots)
Stlth   ..........              (no amulet)
HPRegen 0.18/turn               p - +4 ring of evasion
MPRegen 0.10/turn               (no ring)

@: no status effects
A: ignite blood 2, big brain 1, demonic touch 1
a: no special abilities


You were on level 5 of the Dungeon.
You visited 1 branch of the dungeon, and saw 5 of its levels.

You collected 248 gold pieces.

Inventory:

Hand Weapons
 a - a +0 flail (weapon)
Missiles
 i - 7 javelins (quivered)
 A - 3 poisoned darts
Armour
 b - a +0 scale mail
 c - a +0 buckler (worn)
 f - a +0 pair of gloves (worn)
 j - a +0 plate armour (worn)
 l - a +2 ring mail of fire resistance
 y - a +0 helmet (worn)
Jewellery
 p - a +4 ring of evasion (left hand)
 s - a ring of protection from fire
Wands
 o - a wand of flame (28)
 B - a wand of paralysis (9)
Scrolls
 e - 3 scrolls of enchant weapon {unknown}
 k - 2 scrolls of brand weapon {unknown}
 q - a scroll of noise {unknown}
 r - 4 scrolls of identify {unknown}
 u - 2 scrolls of amnesia {unknown}
 w - a scroll of fog {unknown}
 z - a scroll of immolation {unknown}
Potions
 d - a potion of might
 g - a potion of attraction {unknown}
 h - a potion of mutation {unknown}
 m - a potion of haste {unknown}
 n - 2 potions of curing {unknown}
 t - a potion of brilliance {unknown}
 v - a potion of heal wounds {unknown}
 x - a potion of degeneration {unknown}


   Skills:
 + Level 4.1 Fighting
 + Level 3.3 Maces & Flails
 + Level 2.4 Throwing
 + Level 3.8 Armour
 + Level 3.8 Shields
 + Level 2.8 Evocations


You had 6 spell levels left.
You didn't know any spells.
Your spell library was empty.

Dungeon Overview and Level Annotations

Branches:
Dungeon (5/15)
 Temple: D:4-7

Altars:
Fedhas
Qazlal


Innate Abilities, Weirdness & Mutations

Your demonic aura often causes spilled blood to erupt in flames.
You have an unusually large brain. (Int +2)
Your touch may inflict minor irresistible damage on your foes.


Message History

You block the gnoll's attack. The necrophage barely misses you.
You hit the gnoll.
The gnoll is heavily wounded.
You block the gnoll's attack. The necrophage closely misses you.
You hit the gnoll.
The gnoll is almost dead.
The gnoll hits you with a +0 spear.
* * * LOW HITPOINT WARNING * * *
The necrophage hits you but does no damage.
You barely miss the gnoll.
The gnoll is almost dead.
You block the gnoll's attack.
The necrophage hits you but does no damage.
You hit the gnoll.
You kill the gnoll!
The necrophage hits you but does no damage.
You block the necrophage's attack. The gnoll hits you but does no damage.
Things that are here:
a +0 spear; a gnoll corpse The necrophage hits you but does no damage.
The gnoll hits you but does no damage.
The necrophage attacks as you move away!
The necrophage closely misses you.
Unknown command.
You hit the necrophage.
The necrophage is lightly damaged.
The gnoll hits you but does no damage. You block the necrophage's attack.
The gnoll hits you but does no damage. You block the necrophage's attack.
You sock the necrophage!
The necrophage is severely damaged.
The necrophage hits you but does no damage.
You block the gnoll's attack.
You hit the necrophage.
The necrophage is almost destroyed.
The gnoll hits you but does no damage.
The necrophage hits you but does no damage.
You hit the necrophage.
The necrophage is almost destroyed.
The gnoll hits you from afar with a +0 spear.
You die...

≈≈≈###~......# ..
≈≈≈≈≈≈≈≈≈.......# ...
≈≈≈≈≈≈≈~.......#
..~###~≈≈≈###~......#
##.#...#~~#...#...####
...#.⌠.#..#.⌠.#.<.#
...#...#..#...#...#
....###....###g...#
.........†/)..)n@.#
.##.?##..###+#....#+##
.##..##..#............
......g..#.....[......~
.........#...........♣~~
.........#...........♣ P
.........#..........♣♣
####+###+#..........♣
......#####♣


You could see a necrophage and a gnoll.

Vanquished Creatures
  2 phantoms
  2 scorpions
  2 hounds
  Natasha (thrice) (D:2)
  2 gnolls (D:5)
  3 adders
  A worm (D:2)
  15 dart slugs
  9 ball pythons
  5 bats
  9 endoplasms
  4 giant cockroaches
  5 goblins
  12 hobgoblins
  4 kobolds
  6 quokkas
  A frilled lizard (D:1)
  7 rats
92 creatures vanquished.

Notes
Turn   | Place    | Note
-------+----------+-------------------------------------------
     0 | D:1      | GorkyZ the Demonspawn Fighter began the quest for the Orb.
     0 | D:1      | Reached XP level 1. HP: 18/18 MP: 1/1
   100 | D:1      | You fall into a shaft and drop 1 floor!
   118 | D:2      | Gained mutation: Your demonic aura sometimes causes spilled
                  | blood to erupt in flames. [demonic ancestry]
   118 | D:2      | Reached XP level 2. HP: 5/24 MP: 2/2
   487 | D:1      | Reached skill level 1 in Evocations
   813 | D:1      | Gained mutation: Your touch may inflict minor irresistible
                  | damage on your foes. [demonic ancestry]
   813 | D:1      | Reached XP level 3. HP: 29/29 MP: 3/3
  1354 | D:2      | Noticed Natasha
  1362 | D:2      | Killed Natasha
  1363 | D:2      | Reached skill level 1 in Throwing
  1703 | D:2      | Gained mutation: Your demonic aura often causes spilled
                  | blood to erupt in flames. [demonic ancestry]
  1703 | D:2      | Reached XP level 4. HP: 30/35 MP: 4/4
  1724 | D:2      | Noticed Natasha
  1731 | D:2      | Killed Natasha
  2065 | D:2      | Noticed Natasha
  2071 | D:2      | Killed Natasha
  2324 | D:2      | Reached XP level 5. HP: 41/41 MP: 5/5
  2717 | D:3      | Found a faded altar of an unknown god.
  2902 | D:3      | Found a stormy altar of Qazlal.
  2966 | D:3      | Noticed a phantom
  2982 | D:3      | Killed a phantom
  3359 | D:3      | Gained mutation: You have an unusually large brain. (Int
                  | +2) [demonic ancestry]
  3359 | D:3      | Reached XP level 6. HP: 48/48 MP: 6/6
  3623 | D:4      | Reached skill level 4 in Fighting
  4175 | D:4      | Found a blossoming altar of Fedhas.
  4311 | D:5      | Entered Level 5 of the Dungeon
  4337 | D:5      | Reached XP level 7. HP: 50/54 MP: 7/7
  4405 | D:5      | Slain by a gnoll

Illustrated notes

Levels and vault maps discovered:
D:1:      wander_arrival_desolate, layout_basic
D:2:      layout_basic, kennysheep_cross_bottleneck, uniq_natasha
D:3:      kennysheep_slugbush, layout_basic, nicolae_qazlal_general_emergency,
          hellmonk_ecumenical_altar_leap_of_faith
D:4:      layout_rooms, marbit_many_paths
D:5:      layout_gridville, vehumet_altar_wand_db, serial_bayou_ford_a,
          fountainhead

Skill      XL: |  1  2  3  4  5  6 |
---------------+-------------------+-----
Maces & Flails | 2 3 |  3.3
Evocations     | 1 2 |  2.8
Throwing       | 1 2 |  2.4
Armour         | 3 |  3.8
Shields        | 3 |  3.8
Fighting       | 4 |  4.1

Action                   |  1- 3 |  4- 6 |  7- 9 || total
-------------------------+-------+-------+-------++-------
Melee: Flail             |   109 |   176 |    25 ||   310
Armor: Scale mail        |    44 |       |       ||    44
       Plate armour      |    33 |   124 |    25 ||   182
Dodge: Dodged            |    36 |    49 |    26 ||   111
Block: Buckler           |    36 |    40 |    12 ||    88
